TOP OF THE 1ST |
---|
Gainesville Guidos batting - Pitching for Beaumont Roughnecks : LHP Manuel Santiago | Pitching: LHP Manuel Santiago | | Batting: LHB Manuel Ortega | 0-0: Foul Ball, location: 2F 0-1: Foul Ball, location: 2F 0-2: Foul Ball, location: 2F 0-2: Foul Ball, location: 2F 0-2: Strikes out swinging | Batting: RHB Doug Coleman | 0-0: Called Strike 0-1: Ball 1-1: Reached on error, E6 (Groundball, 6) | Batting: LHB José Delgado | 0-0: Ball 1-0: Called Strike 1-1: SINGLE (Groundball, 4MD) Doug Coleman to second | Batting: RHB Augusto Baca | 0-0: Ball 1-0: Called Strike 1-1: Ball 2-1: Foul Ball, location: 2F 2-2: Ball 3-2: Strikes out swinging | Batting: RHB Claudio Gonzáles | 0-0: Ball 1-0: Called Strike 1-1: Ball 2-1: Foul Ball, location: 2F 2-2: Strikes out swinging | Top of the 1st over - 0 runs, 1 hit, 1 error, 2 left on base; Gainesville 0 - Beaumont 0 | BOTTOM OF THE 1ST |
---|
Beaumont Roughnecks batting - Pitching for Gainesville Guidos : RHP Iván Maldonado | Pitching: RHP Iván Maldonado | | Batting: RHB John James | 0-0: Ball 1-0: Called Strike 1-1: Swinging Strike 1-2: Strikes out looking | Batting: RHB Darwin Crane | 0-0: Called Strike 0-1: Ball 1-1: Called Strike 1-2: DOUBLE (Groundball, 3L) | Batting: RHB Roger Rush | 0-0: Foul Ball, location: 2F 0-1: Ball 1-1: 2-RUN HOME RUN (Flyball, 78XD), Distance : 417 ft | Batting: RHB Si-xun Li | 0-0: Ground out 5-3 (Groundball, 56S) | Batting: LHB Enrique Cruz | 0-0: Ball 1-0: Called Strike 1-1: Called Strike 1-2: Ball 2-2: Fly out, F9 (Flyball, 9LD) | Bottom of the 1st over - 2 runs, 2 hits, 0 errors, 0 left on base; Gainesville 0 - Beaumont 2 | TOP OF THE 2ND |
---|
Gainesville Guidos batting - Pitching for Beaumont Roughnecks : LHP Manuel Santiago | Batting: SHB Cornell Payne | 0-0: Fly out, F6 (Popup, 6) | Batting: SHB José Sousa | 0-0: Foul Ball, location: 2F 0-1: Called Strike 0-2: Foul Ball, location: 2F 0-2: Foul Ball, location: 2F 0-2: Strikes out swinging | Batting: RHB Craig Chapman | 0-0: Ball 1-0: Ball 2-0: Ball 3-0: Base on Balls | Batting: LHB Eddy Jefferson | 0-0: Called Strike 0-1: Ball 1-1: Ball 2-1: Ball 3-1: Foul Ball, location: 2F 3-2: Strikes out looking | Top of the 2nd over - 0 runs, 0 hits, 0 errors, 1 left on base; Gainesville 0 - Beaumont 2 | BOTTOM OF THE 2ND |
---|
Beaumont Roughnecks batting - Pitching for Gainesville Guidos : RHP Iván Maldonado | Batting: RHB Michael Kent | 0-0: Called Strike 0-1: Foul Ball, location: 2F 0-2: Foul Ball, location: 2F 0-2: Ground out 4-3 (Groundball, 4) | Batting: RHB António Aguilar | 0-0: Called Strike 0-1: Foul Ball, location: 2F 0-2: Strikes out swinging | Batting: RHB Miguel Costa | 0-0: Called Strike 0-1: Ball 1-1: Swinging Strike 1-2: Ball 2-2: Foul Ball, location: 2F 2-2: Ground out 5-3 (Groundball, 56) | Bottom of the 2nd over - 0 runs, 0 hits, 0 errors, 0 left on base; Gainesville 0 - Beaumont 2 | TOP OF THE 3RD |
---|
Gainesville Guidos batting - Pitching for Beaumont Roughnecks : LHP Manuel Santiago | Batting: LHB Manuel Ortega | 0-0: Ball 1-0: Ball 2-0: Called Strike 2-1: Ground out 5-3 (Groundball, 56) | Batting: RHB Doug Coleman | 0-0: Called Strike 0-1: SINGLE (Groundball, 56D) | Batting: LHB José Delgado | 0-0: Ball 1-0: Foul Ball, location: 2F 1-1: Ball 2-1: Called Strike 2-2: Ball 3-2: Strikes out swinging | Batting: RHB Augusto Baca | 0-0: Called Strike 0-1: Ball 1-1: Ball 2-1: Called Strike 2-2: Strikes out swinging | Top of the 3rd over - 0 runs, 1 hit, 0 errors, 1 left on base; Gainesville 0 - Beaumont 2 | BOTTOM OF THE 3RD |
---|
Beaumont Roughnecks batting - Pitching for Gainesville Guidos : RHP Iván Maldonado | Batting: SHB Walton Locke | 0-0: Ball 1-0: Swinging Strike 1-1: Ball 2-1: Foul Ball, location: 2F 2-2: Strikes out looking | Batting: RHB John James | 0-0: Ball 1-0: Called Strike 1-1: Ball 2-1: Ball 3-1: Fly out, F9 (Flyball, 9LSF) | Pitching: RHP Larry Bischoff | | Batting: RHB Darwin Crane | 0-0: SINGLE (Line Drive, 56) | Batting: RHB Roger Rush | 0-0: Ball 1-0: Ball 2-0: Ball 3-0: Base on Balls Darwin Crane to second | Batting: RHB Si-xun Li | 0-0: Ball 1-0: Ball 2-0: Called Strike 2-1: Foul Ball, location: 2F 2-2: Fielders Choice at 2nd, 6-4 (Groundball, 6) | Bottom of the 3rd over - 0 runs, 1 hit, 0 errors, 2 left on base; Gainesville 0 - Beaumont 2 | TOP OF THE 4TH |
---|
Gainesville Guidos batting - Pitching for Beaumont Roughnecks : LHP Manuel Santiago | Batting: RHB Claudio Gonzáles | 0-0: Called Strike 0-1: Ball 1-1: Swinging Strike 1-2: Strikes out swinging | Batting: SHB Cornell Payne | 0-0: Ball 1-0: Foul Ball, location: 2F 1-1: Called Strike 1-2: Strikes out swinging | Batting: SHB José Sousa | 0-0: Fly out, F3 (Popup, 34) | Top of the 4th over - 0 runs, 0 hits, 0 errors, 0 left on base; Gainesville 0 - Beaumont 2 | BOTTOM OF THE 4TH |
---|
Beaumont Roughnecks batting - Pitching for Gainesville Guidos : RHP Larry Bischoff | Batting: LHB Enrique Cruz | 0-0: Fly out, F7 (Flyball, 7LSF) | Batting: RHB Michael Kent | 0-0: DOUBLE (Groundball, 5L) | Batting: RHB António Aguilar | 0-0: Called Strike 0-1: Foul Ball, location: 2F 0-2: Ball 1-2: Strikes out swinging | Batting: RHB Miguel Costa | 0-0: Ground out 6-3 (Groundball, 6) | Bottom of the 4th over - 0 runs, 1 hit, 0 errors, 1 left on base; Gainesville 0 - Beaumont 2 | TOP OF THE 5TH |
---|
Gainesville Guidos batting - Pitching for Beaumont Roughnecks : LHP Manuel Santiago | Batting: RHB Craig Chapman | 0-0: Ball 1-0: Ball 2-0: Foul Ball, location: 2F 2-1: Foul Ball, location: 2F 2-2: SINGLE (Groundball, 6D) | Batting: LHB Eddy Jefferson | 0-0: Called Strike 0-1: SINGLE (Flyball, 8RS) Craig Chapman to second Runner from 2nd tries for 3rd, OUT! | Batting: LHB Manuel Ortega | 0-0: Ball 1-0: Called Strike 1-1: Foul Ball, location: 2F 1-2: Ball 2-2: Strikes out swinging | Batting: RHB Doug Coleman | 0-0: Called Strike 0-1: Ball 1-1: Ball Eddy Jefferson is caught stealing 2nd base | Top of the 5th over - 0 runs, 2 hits, 0 errors, 0 left on base; Gainesville 0 - Beaumont 2 | BOTTOM OF THE 5TH |
---|
Beaumont Roughnecks batting - Pitching for Gainesville Guidos : RHP Larry Bischoff | Batting: SHB Walton Locke | 0-0: Ball 1-0: Ball 2-0: Called Strike 2-1: Ball 3-1: Base on Balls | Batting: RHB John James | 0-0: Called Strike Walton Locke steals 2nd base 0-1: Ball 1-1: Called Strike 1-2: Ball 2-2: Ball 3-2: Foul Ball, location: 2F 3-2: Ground out U3 (Groundball, 34) Walton Locke to third | Batting: RHB Darwin Crane | 0-0: Ground out 3-1 (Groundball, 3S) | Batting: RHB Roger Rush | 0-0: Ball 1-0: Ball 2-0: Ball 3-0: Base on Balls | Batting: RHB Si-xun Li | 0-0: Ball 1-0: Called Strike 1-1: Hit by Pitch Roger Rush to second | Batting: LHB Enrique Cruz | 0-0: Ball 1-0: Foul Ball, location: 2F 1-1: Ball 2-1: Called Strike 2-2: Ball 3-2: Strikes out swinging | Bottom of the 5th over - 0 runs, 0 hits, 0 errors, 3 left on base; Gainesville 0 - Beaumont 2 | TOP OF THE 6TH |
---|
Gainesville Guidos batting - Pitching for Beaumont Roughnecks : LHP Manuel Santiago | Batting: RHB Doug Coleman | 0-0: DOUBLE (Line Drive, 78S) | Batting: LHB José Delgado | 0-0: Called Strike 0-1: Ball 1-1: Ball 2-1: Ball 3-1: Foul Ball, location: 2F 3-2: SINGLE (Line Drive, 78S) Doug Coleman to third | Batting: RHB Augusto Baca | 0-0: Called Strike 0-1: Ball 1-1: Ball 2-1: Ball 3-1: Foul Ball, location: 2F 3-2: Fly out, F8 (Flyball, 89M) | Pitching: RHP Cliff Wolfe | | Batting: RHB Claudio Gonzáles | 0-0: Called Strike 0-1: Ball 1-1: Fly out, F7 (Flyball, 7) | Batting: SHB Cornell Payne | 0-0: Foul Ball, location: 2F 0-1: Ball 1-1: Ball 2-1: Fly out, F5 (Popup, 25F) | Top of the 6th over - 0 runs, 2 hits, 0 errors, 2 left on base; Gainesville 0 - Beaumont 2 | BOTTOM OF THE 6TH |
---|
Beaumont Roughnecks batting - Pitching for Gainesville Guidos : RHP Larry Bischoff | Batting: RHB Michael Kent | 0-0: Called Strike 0-1: Ball 1-1: Foul Ball, location: 2F 1-2: Foul Ball, location: 2F 1-2: Ball 2-2: Foul Ball, location: 2F 2-2: Foul Ball, location: 2F 2-2: Foul Ball, location: 2F 2-2: Ball 3-2: Strikes out swinging | Batting: RHB António Aguilar | 0-0: Ball 1-0: Ball 2-0: Ball 3-0: Base on Balls | Pitching: RHP Matt Johnston | | Batting: RHB Miguel Costa | 0-0: Ball 1-0: Called Strike 1-1: Ball 2-1: Ball 3-1: Base on Balls António Aguilar to second | Batting: SHB Walton Locke | 0-0: Swinging Strike 0-1: Foul Ball, location: 2F 0-2: Fly out, F7 (Flyball, 7LS) | Batting: RHB John James | 0-0: Called Strike 0-1: Swinging Strike 0-2: Ball 1-2: Reached via error on a dropped throw, E1 António Aguilar to third Miguel Costa to second | Batting: RHB Darwin Crane | 0-0: Ball 1-0: Foul Ball, location: 2F 1-1: Ball 2-1: Swinging Strike 2-2: SINGLE (Groundball, 25) (infield hit) António Aguilar scores Miguel Costa to third John James to second | Batting: RHB Roger Rush | 0-0: Called Strike 0-1: SINGLE (Line Drive, 8LS) Miguel Costa scores John James to third Darwin Crane to second | Batting: RHB Si-xun Li | 0-0: Ball 1-0: Ball 2-0: Ball 3-0: Foul Ball, location: 2F 3-1: Swinging Strike 3-2: Base on Balls John James scores Darwin Crane to third Roger Rush to second | Batting: LHB Enrique Cruz | 0-0: Called Strike 0-1: Ball 1-1: Fielders Choice at 2nd, 6-4 (Groundball, 6) | Bottom of the 6th over - 3 runs, 2 hits, 1 error, 3 left on base; Gainesville 0 - Beaumont 5 | TOP OF THE 7TH |
---|
Gainesville Guidos batting - Pitching for Beaumont Roughnecks : RHP Cliff Wolfe | Batting: SHB José Sousa | 0-0: Called Strike 0-1: Foul Ball, location: 2F 0-2: Ball 1-2: Ball 2-2: Strikes out swinging | Batting: RHB Craig Chapman | 0-0: Ball 1-0: Foul Ball, location: 2F 1-1: Ball 2-1: Called Strike 2-2: Strikes out swinging | Batting: LHB Eddy Jefferson | 0-0: Ball 1-0: Foul Ball, location: 2F 1-1: Ball 2-1: Foul Ball, location: 2F 2-2: Fly out, F3 (Line Drive, 3S) | Top of the 7th over - 0 runs, 0 hits, 0 errors, 0 left on base; Gainesville 0 - Beaumont 5 | BOTTOM OF THE 7TH |
---|
Beaumont Roughnecks batting - Pitching for Gainesville Guidos : RHP Matt Johnston | Batting: RHB Michael Kent | 0-0: SINGLE (Groundball, 34D) | Batting: RHB António Aguilar | 0-0: SINGLE (Groundball, 56D) Michael Kent to second | Batting: RHB Miguel Costa | 0-0: Fly out, F9 (Flyball, 89D) Runner from 2nd tags up, SAFE at 3rd with throw | Batting: SHB Walton Locke | 0-0: Ball 1-0: Called Strike 1-1: Grounds into double play, 4-6-3 (Groundball, 4M) | Bottom of the 7th over - 0 runs, 2 hits, 0 errors, 1 left on base; Gainesville 0 - Beaumont 5 | TOP OF THE 8TH |
---|
Gainesville Guidos batting - Pitching for Beaumont Roughnecks : RHP Cliff Wolfe | Batting: LHB Manuel Ortega | 0-0: Swinging Strike 0-1: Reached on error, E6 (Groundball, 6M) | Batting: RHB Doug Coleman | 0-0: SINGLE (Groundball, 6MD) Manuel Ortega to third Runner from 3rd tries for Home, SAFE, no throw | Batting: LHB José Delgado | 0-0: Swinging Strike 0-1: Called Strike 0-2: Ball 1-2: Strikes out swinging | Batting: RHB Augusto Baca | 0-0: Fly out, F7 (Line Drive, 7) | Batting: RHB Claudio Gonzáles | 0-0: Fly out, F8 (Flyball, 78M) | Top of the 8th over - 1 run, 1 hit, 1 error, 1 left on base; Gainesville 1 - Beaumont 5 | BOTTOM OF THE 8TH |
---|
Beaumont Roughnecks batting - Pitching for Gainesville Guidos : RHP Matt Johnston | Batting: RHB John James | 0-0: Swinging Strike 0-1: Ball 1-1: Ground out 6-3 (Groundball, 6) | Batting: RHB Darwin Crane | 0-0: Foul Ball, location: 2F 0-1: SINGLE (Groundball, 6S) (infield hit) | Batting: RHB Roger Rush | 0-0: Called Strike 0-1: Foul Ball, location: 2F 0-2: SINGLE (Groundball, 4M) (infield hit) Darwin Crane to second | Pitching: RHP Jesús Cantú | | Batting: RHB Si-xun Li | 0-0: Ball 1-0: Foul Ball, location: 2F 1-1: Fly out, F8 (Flyball, 78D) | Pitching: LHP Anthony Robinson | | Batting: LHB Enrique Cruz | 0-0: Ball 1-0: Ball 2-0: SINGLE (Groundball, 3D) Darwin Crane to third Roger Rush to second Runner from 3rd tries for Home, SAFE, no throw | Pitching: RHP Nathan Davis | | Batting: RHB Michael Kent | 0-0: Foul Ball, location: 2F 0-1: Foul Ball, location: 2F 0-2: SINGLE (Line Drive, 4MD) Roger Rush to third Enrique Cruz to second | Batting: RHB António Aguilar | 0-0: Swinging Strike 0-1: SINGLE (Line Drive, 7S) Roger Rush scores Enrique Cruz to third Michael Kent to second Runner from 3rd tries for Home, SAFE, no throw | Batting: RHB Miguel Costa | 0-0: Ball 1-0: Foul Ball, location: 2F 1-1: Foul Ball, location: 2F 1-2: Ball 2-2: Fly out, F4 (Popup, 4S) | Bottom of the 8th over - 3 runs, 5 hits, 0 errors, 2 left on base; Gainesville 1 - Beaumont 8 | TOP OF THE 9TH |
---|
Gainesville Guidos batting - Pitching for Beaumont Roughnecks : RHP Cliff Wolfe | Batting: SHB Cornell Payne | 0-0: Ball 1-0: SINGLE (Line Drive, 56D) | Pitching: LHP Mark De Jesús | | Batting: SHB José Sousa | 0-0: Ball 1-0: Foul Ball, location: 2F 1-1: Foul Ball, location: 2F 1-2: Foul Ball, location: 2F 1-2: Strikes out swinging | Batting: RHB Craig Chapman | 0-0: Called Strike 0-1: Fly out, F7 (Flyball, 78D) | Batting: LHB Eddy Jefferson | 0-0: Foul Ball, location: 2F 0-1: Ball 1-1: Swinging Strike 1-2: Ball 2-2: SINGLE (Groundball, 56) (infield hit) Cornell Payne to second | Batting: LHB Manuel Ortega | 0-0: Called Strike 0-1: Ball 1-1: Ball 2-1: Ball 3-1: Called Strike 3-2: SINGLE (Flyball, 9LS) Cornell Payne to third Eddy Jefferson to second Cornell Payne scores Eddy Jefferson to third | Batting: RHB Doug Coleman | 0-0: Fly out, F9 (Flyball, 9S) | Top of the 9th over - 1 run, 3 hits, 0 errors, 2 left on base; Gainesville 2 - Beaumont 8 | |